 Dungeon Crawl Stone Soup version 0.24.0-13-gcf9b3192b9 (webtiles) character file.

Game seed: 16867653990542738730, levelgen mode: deterministic

4103 elofs the Basher (level 10, -14/91 HPs)
             Began as a Minotaur Berserker on Nov 5, 2019.
             Was a High Priest of Trog.
             Demolished by a two-headed ogre
             ... wielding a cursed -2 giant club
              (19 damage)
             ... on level 8 of the Dungeon.
             The game lasted 00:24:49 (6818 turns).

elofs the Basher (Minotaur Berserker)               Turns: 6818, Time: 00:24:50

Health: -14/91     AC: 14    Str: 23    XL:     10   Next: 6%
Magic:  3/3        EV: 10    Int:  6    God:    Trog [*****.]
Gold:   489        SH:  0    Dex: 10    Spells: 9/9 levels left

rFire    . . .     SeeInvis +   I - +3 dire flail (antimagic)
rCold    . . .     Gourm    .   (shield currently unavailable)
rNeg     . . .     Faith    .   f - +2 plate armour
rPois    .         Spirit   .   (helmet restricted)
rElec    .         Reflect  .   j - scarf {cloud immunity}
rCorr    .         Harm     .   (no gloves)
MR       .....                  (no boots)
Stlth    ..........             (no amulet)
HPRegen  0.25/turn              h - +2 ring of evasion
MPRegen  0.08/turn              q - ring of see invisible

@: no status effects
A: retaliatory headbutt, horns 2
a: Berserk, Trog's Hand, Brothers in Arms, Renounce Religion


You were on level 8 of the Dungeon.
You worshipped Trog.
Trog was extremely pleased with you.
You were not hungry.

You visited 1 branch of the dungeon, and saw 8 of its levels.
You also visited: Sewer and Ossuary.

You collected 489 gold pieces.

Inventory:

Hand Weapons
 a - a +0 mace
 i - a +0 whip
 o - a +0 morningstar of crushing
 y - a +0 war axe of flaming
 E - a +2 rapier of electrocution
 I - a +3 antimagic dire flail (weapon)
Armour
 b - a +0 animal skin
 f - a +2 plate armour (worn)
 j - a scarf of cloud immunity (worn)
 C - a +0 cloak
 J - the +2 leather armour "Esaf" {rElec MR- MP+9 Str+6}
   (You found it on level 7 of the Dungeon)

   It affects your strength (+6).
   It insulates you from electricity.
   It affects your resistance to hostile enchantments.
   It affects your magic capacity (+9).
Jewellery
 h - a +2 ring of evasion (left hand)
 q - a ring of see invisible (right hand)
 z - a cursed amulet of inaccuracy
 G - an uncursed amulet of regeneration
Wands
 l - a wand of flame (39)
 r - a wand of paralysis (16)
 u - a wand of iceblast (11)
 x - a wand of random effects (19)
 H - a wand of digging (5)
Scrolls
 d - 7 scrolls of teleportation
 e - 2 scrolls of identify
 n - 3 scrolls of remove curse
 t - a scroll of summoning {unknown}
 w - a scroll of fear
 K - a scroll of silence {unknown}
Potions
 g - 3 potions of agility
 k - 2 potions of cancellation
 m - 11 potions of curing
 p - 4 potions of might
 s - 2 potions of invisibility {unknown}
 v - a potion of haste
 A - 3 potions of flight
 B - 2 potions of ambrosia
 D - a potion of mutation {unknown}
 F - 2 potions of heal wounds
 L - a potion of lignification {unknown}
Comestibles
 c - 2 rations
 M - 3 chunks of flesh


   Skills:
 * Level 9.4 Fighting
 * Level 12.9 Maces & Flails
 + Level 6.1 Armour
 * Level 5.3 Dodging
 + Level 0.1 Stealth


You had 9 spell levels left.
You didn't know any spells.
Your spell library was empty.

Dungeon Overview and Level Annotations

Branches:
Dungeon (8/15)             Temple (0/1) D:7           Sewer (visited)
Ossuary (visited)
   Lair: D:8-11

Altars:
Cheibriados
Gozag
Makhleb
Okawaru
Qazlal
Ru
Trog
Vehumet
Yredelemnul

Shops:
D:4 [

Annotations:
D:7 exclusion: statue


Innate Abilities, Weirdness & Mutations

You reflexively headbutt those who attack you in melee.
You have a pair of horns on your head.


Message History

You closely miss the phantom. The phantom hits you!
You closely miss the phantom. The phantom completely misses you.
You completely miss the phantom. Your headbutt misses the phantom.
You hit the phantom but do no damage. Your headbutt misses the phantom.
The phantom blinks!
The two-headed ogre hits you with a cursed -2 giant club!
The two-headed ogre closely misses you.
The phantom blinks!
You barely miss the two-headed ogre.
The two-headed ogre hits you with a cursed -2 giant club.
* * * LOW HITPOINT WARNING * * *
The two-headed ogre hits you with a +0 giant club!
* * * LOW HITPOINT WARNING * * *
You hit the two-headed ogre.
The two-headed ogre is lightly wounded.
You puncture the two-headed ogre!
The two-headed ogre is moderately wounded.
The two-headed ogre hits you with a cursed -2 giant club!
* * * LOW HITPOINT WARNING * * *
The two-headed ogre hits you with a +0 giant club!!
You die...

).# ..# . <.## #. ...#
#. ...##### #.#####
........ ..... ########
$.. #.. ########O#
#.######.......#@##
#.#...÷)######.#..#
#.#.####†....#.#..# #
#.#.#...####.#.#..#.#
#.#.#.##...#.#.#....#
#)#.#.#.##.#.#.#.##.#
.#.#.#?(.# #.#.#....#.#
.#.#.##(#.#.#.#......#
.#†#...##.#.#.#..####.#


You could see a two-headed ogre.

Vanquished Creatures
  A two-headed ogre (D:8)
  A troll (D:5)
  A hippogriff (D:7)
  A wraith (Ossuary)
  Eustachio (D:6)
  A vampire mosquito (D:8)
  2 orc warriors
  2 sky beasts
  A black bear (D:6)
  4 ogres
  A centaur (D:5)
  A big kobold (Sewer)
  An elf zombie (Ossuary)
  A bullfrog (D:7)
  An elf skeleton (D:4)
  6 killer bees (D:7)
  4 crimson imps
  A centaur zombie (D:7)
  2 bullfrog zombies (D:5)
  2 jellies
  A gnoll shaman (D:5)
  2 orc priests
  2 hounds (D:8)
  A human zombie (D:4)
  2 iguanas
  8 worker ants
  Ijyb (D:4)
  Terence (D:2)
  3 human skeletons (D:4)
  An orc wizard (D:7)
  2 hound zombies
  3 mummies (Ossuary)
  A hound skeleton (D:4)
  Robin (D:2)
  4 gnolls (D:5)
  2 river rats (Sewer)
  9 adders
  2 oozes
  An adder skeleton (D:6)
  4 worms (D:2)
  2 dart slugs (D:2)
  7 leopard geckos
  22 orcs
  3 giant cockroaches
  15 hobgoblins
  2 jackals (D:1)
  22 kobolds
  4 quokkas
  4 ball pythons
  9 bats
  4 frilled lizards
  10 goblins
  2 goblin zombies (Ossuary)
  3 hobgoblin zombies (Ossuary)
  A jackal skeleton (D:5)
  2 kobold zombies (Ossuary)
  A leopard gecko skeleton (D:4)
  An orc zombie (D:4)
  A quokka skeleton (D:6)
  28 rats
229 creatures vanquished.

Vanquished Creatures (others)
  A goblin (D:2)
1 creature vanquished.

Grand Total: 230 creatures vanquished

Notes
Turn   | Place    | Note
-------+----------+-------------------------------------------
     0 | D:1      | elofs the Minotaur Berserker began the quest for the Orb.
     0 | D:1      | Reached XP level 1. HP: 19/19 MP: 0/0
   107 | D:1      | Reached skill level 4 in Maces & Flails
   395 | D:1      | Reached XP level 2. HP: 26/26 MP: 1/1
   844 | D:2      | Reached skill level 5 in Maces & Flails
   860 | D:2      | Reached XP level 3. HP: 27/31 MP: 2/2
   891 | D:2      | Reached ** piety under Trog
   924 | D:2      | Noticed Robin
   939 | D:2      | Killed Robin
   939 | D:2      | Reached skill level 6 in Maces & Flails
   939 | D:2      | Reached XP level 4. HP: 31/39 MP: 3/3
  1150 | D:2      | Noticed Terence
  1155 | D:2      | Killed Terence
  1181 | D:2      | Found an iron altar of Okawaru.
  1234 | D:2      | Found a snail-covered altar of Cheibriados.
  1842 | D:3      | Found a basalt altar of Yredelemnul.
  1857 | D:3      | Reached *** piety under Trog
  1877 | D:3      | Reached XP level 5. HP: 45/45 MP: 4/4
  1964 | D:3      | Reached skill level 7 in Maces & Flails
  2379 | D:4      | Found an opulent altar of Gozag.
  2380 | D:4      | Noticed Ijyb
  2381 | D:4      | Noticed a sky beast
  2389 | D:4      | Killed Ijyb
  2395 | D:4      | Killed a sky beast
  2395 | D:4      | Reached skill level 8 in Maces & Flails
  2395 | D:4      | Reached XP level 6. HP: 40/51 MP: 5/5
  2660 | D:4      | Reached skill level 9 in Maces & Flails
  2679 | D:4      | Found a sand-covered staircase.
  2684 | Ossuary  | Entered an ossuary
  2684 | Ossuary  | Noticed a wraith
  2684 | Ossuary  | Noticed a wraith
  2684 | Ossuary  | Noticed a wraith
  2778 | Ossuary  | Reached XP level 7. HP: 56/57 MP: 6/6
  2928 | Ossuary  | Noticed a wraith
  2935 | Ossuary  | Killed a wraith
  2935 | Ossuary  | Reached skill level 10 in Maces & Flails
  3127 | D:4      | Found a burning altar of Makhleb.
  3444 | D:4      | Found Cauxuic's Armour Emporium.
  3461 | D:5      | Entered Level 5 of the Dungeon
  3479 | D:5      | Reached skill level 11 in Maces & Flails
  3485 | D:5      | Reached **** piety under Trog
  3541 | D:5      | Reached XP level 8. HP: 64/66 MP: 7/7
  3995 | D:5      | Noticed a troll
  4007 | D:5      | Killed a troll
  4007 | D:5      | Reached skill level 5 in Fighting
  4705 | D:6      | Found a glowing drain.
  4710 | Sewer    | Entered a sewer
  5016 | Sewer    | Reached ***** piety under Trog
  5159 | Sewer    | Reached XP level 9. HP: 71/79 MP: 8/8
  5565 | D:6      | Noticed Eustachio
  5588 | D:6      | Killed Eustachio
  5750 | D:6      | Found a bloodstained altar of Trog.
  5904 | D:7      | Reached skill level 12 in Maces & Flails
  5904 | D:7      | Reached skill level 5 in Armour
  5998 | D:7      | Received a gift from Trog
  6084 | D:7      | Found a stormy altar of Qazlal.
  6170 | D:7      | Found a radiant altar of Vehumet.
  6341 | D:7      | Found a staircase to the Ecumenical Temple.
  6406 | D:7      | Found a sacrificial altar of Ru.
  6418 | D:7      | Got a spiked leather armour
  6422 | D:7      | Identified the +2 leather armour "Esaf" {rElec MR- MP+9
                  | Str+6} (You found it on level 7 of the Dungeon)
  6726 | D:8      | Reached skill level 5 in Dodging
  6753 | D:8      | Noticed a two-headed ogre
  6757 | D:8      | Killed a two-headed ogre
  6757 | D:8      | Reached XP level 10. HP: 47/91 MP: 3/9
  6809 | D:8      | Noticed a two-headed ogre
  6818 | D:8      | Demolished by a two-headed ogre

Levels and vault maps discovered:
D:1:      dpeg_arrival_boxes_within_box, layout_loops_corners
D:2:      layout_rooms, marbit_many_paths, okawaru_ov_weapons_minmay,
          uniq_robin, uniq_terence
D:3:      layout_basic, old_standard_altar
D:4:      layout_loops_ring, makhleb_grotto_becter, nicolae_gozag_seed_capital,
          nicolae_ossuary_entry_catacombs, first_ration, serial_shops,
          shop_statue, uniq_ijyb
D:5:      layout_gridville, serial_park_tiny_pond, minmay_misc_feat_hallway
D:6:      layout_rooms, old_standard_altar, portal_sewer_entry_e, uniq_eustachio
D:7:      layout_cave_pools, grunt_qazlal_sundering, vehumet_statue,
          lemuel_coloured_pillars_altar, minmay_temple_entry_arrows
D:8:      minmay_distorted_concentric_squares, layout_loops_ring, serial_shops,
          nicolae_shop_crystal

Skill      XL: |  1  2  3  4  5  6  7  8  9 |
---------------+----------------------------+-----
Maces & Flails | 4 5 6 8 9 11 12 | 12.9
Fighting       | 4 7 9 |  9.4
Armour         | 4 6 |  6.1
Dodging        | 4 5 |  5.3
Stealth        | |  0.1

Action                   |  1- 3 |  4- 6 |  7- 9 | 10-12 || total
-------------------------+-------+-------+-------+-------++-------
Melee: Mace              |    79 |     5 |       |       ||    84
       Headbutt          |     9 |    28 |    60 |       ||    97
       Morningstar       |       |   140 |   292 |       ||   432
       Dire flail        |       |       |    77 |    13 ||    90
Invok: Berserk           |     1 |       |     3 |       ||     4
Evoke: Wand              |       |     2 |     1 |       ||     3
  Use: Scroll            |     3 |     1 |    14 |       ||    18
       Potion            |     1 |       |     6 |       ||     7
  Eat: Ration            |       |     2 |     5 |       ||     7
Armor: Plate armour      |    69 |    74 |   205 |     2 ||   350
Dodge: Dodged            |    55 |    74 |   197 |     6 ||   332
